AoeStats
← 王德发

African Clearing

510927737Analyzed
2v2 RM · 9h ago on Oct 3, 2026· 20m 11s· 4 players
Game mode
Random Map
Map size
Medium (4 player)
Population
200
Speed
Normal
Resources
Standard
Victory
Conquest
Starting age
Dark Age
Ending age
Imperial Age
RankedLock teamsTeams togetherTeam positionsShared explorationLock speedFull tech treeHidden civsTurbo modeCheats
Victory
Defeat
🇫🇷 Huns · France
1537
+14
🇺🇸 Armenians · United States
1530
+14
🇨🇳 Britons · China
1501
-14
🇨🇳 Persians · China
1480
-14
♞王通
4:38 Loom
5:05 Loom
7:09 Loom
12:43 Feudal Age
13:31 Double-Bit Axe
13:32 Town Watch
王德发
10:24 Loom
12:42 Feudal Age
13:13 Double-Bit Axe
18:02 Fletching
19:41 Padded Archer Armor
King Mehdi IV
9:37 Loom
12:05 Feudal Age
MaRooK
2:39 Loom
12:10 Feudal Age
18:26 Fletching
Connection lost

Rejoining the realm…

Still unreachable

The connection could not be restored.

Session expired

The server has moved on; the page needs a fresh start.